 Dungeon Crawl Stone Soup version 0.21.1-1-g345015f (webtiles) character file.

17 spiff the Grasshopper (level 2, -1/26 HPs)
             Began as a Naga Warper on July 6, 2018.
             Slain by a gnoll
             ... wielding a +0 spear
              (2 damage)
             ... on level 1 of the Dungeon.
             The game lasted 00:01:40 (1002 turns).

spiff the Grasshopper (Naga Warper)                 Turns: 1002, Time: 00:01:40

Health: -1/26      AC:  2    Str: 13    XL:     2   Next: 62%
Magic:  5/5        EV:  9    Int: 13    God:
Gold:   7          SH:  0    Dex: 10    Spells: 5/5 levels left

rFire    . . .     SeeInvis +   a - +0 falchion
rCold    + . .     Gourm    .   (no shield)
rNeg     . . .     Faith    .   b - +0 leather armour
rPois    +         Spirit   .   (no helmet)
rElec    .         Reflect  .   (no cloak)
rCorr    .         Harm     .   (no gloves)
MR       .....                  (no barding)
Stlth    +.........             (no amulet)
HPRegen  0.08/turn              g - ring of protection from cold
MPRegen  0.09/turn              (no ring)

@: very slow
A: large, see invisible, deformed body, poison resistance, slowness 2, slow
metabolism 1, spit poison 1, AC +0
a: Spit Poison


You were on level 1 of the Dungeon.
You were not hungry.

You visited 1 branch of the dungeon, and saw 1 of its levels.

You collected 7 gold pieces.

Inventory:

Hand Weapons
 a - a +0 falchion (weapon)
Missiles
 e - 5 tomahawks of dispersal (quivered)
Armour
 b - a +0 leather armour (worn)
Jewellery
 g - a ring of protection from cold (left hand)
Scrolls
 d - a scroll of blinking
 h - 2 scrolls of teleportation {unknown}
 l - 2 scrolls of fear {unknown}
 m - a scroll of remove curse {unknown}
 o - a scroll of enchant armour {unknown}
 p - a scroll of fog {unknown}
 r - a scroll of magic mapping {unknown}
Potions
 i - a potion of curing {unknown}
 j - a potion of heal wounds {unknown}
 k - a potion of ambrosia {unknown}
 n - 2 potions of lignification {unknown}
Books
 c - a book of Spatial Translocations

   Spells                             Type                      Level
   a - Blink                          Translocation                2
   b - Shroud of Golubria             Charms/Translocation         2
   c - Lesser Beckoning               Translocation                3
   d - Gell's Gravitas                Translocation                3
   e - Teleport Other                 Translocation                3
   f - Passage of Golubria            Translocation                4
Comestibles
 f - 3 rations
 q - 3 chunks of flesh


   Skills:
 + Level 2.3 Fighting
 + Level 2.3 Long Blades
 - Level 0.8 Throwing
 + Level 1.1 Armour
 + Level 1.9 Dodging
 - Level 2.0 Spellcasting
   Level 3.0 Translocations


You had 5 spell levels left.
You didn't know any spells.

Dungeon Overview and Level Annotations

Branches:
Dungeon (1/15)

Altars:


Innate Abilities, Weirdness & Mutations

You cannot wear boots.
Your serpentine skin is tough. (AC +0)
You have supernaturally acute eyesight. (SInv)
Armour fits poorly on your strangely shaped body.
Your system is resistant to poisons. (rPois)
You cover ground very slowly.
You have a slow metabolism.
You can spit poison.


Message History

The gnoll hits you with a spear! The gnoll hits you with a spear.
You hit the gnoll.
The gnoll is heavily wounded.
The gnoll closely misses you.
You hit the gnoll.
The gnoll is severely wounded.
You have got your breath back.
The gnoll closely misses you.
You barely miss the gnoll.
The gnoll is severely wounded.
The gnoll hits you with a spear.
* * * LOW HITPOINT WARNING * * *
You barely miss the gnoll.
The gnoll is severely wounded.
The gnoll hits you with a spear.
* * * LOW HITPOINT WARNING * * *
You hit the gnoll but do no damage.
The gnoll is severely wounded.
The gnoll hits you with a spear.
You die...

......##.....##+#####..#######...
......######.#...........# #....
..###.# #.#............. #....
#.# #.######.#........>....##...#
#.# #........#................###
#.# ##...##.#................#
#.# +.. +.....##+######.....###
#.# #. ##.##.##+######.....รท..
..# .. +.....@..........#####.
..# # ##.##..g......... #### #.#
#.##........... #... .
............(.# ####
..##.##.###... ## .. #.# .# . #.
#.# .# ##### #. .# #.'.. #.###


You could see a gnoll.

Vanquished Creatures
  A giant cockroach (D:1)
  2 hobgoblins (D:1)
  4 jackals (D:1)
  2 ball pythons (D:1)
  4 bats (D:1)
  2 kobolds (D:1)
  A rat (D:1)
16 creatures vanquished.

Notes
Turn   | Place    | Note
-------+----------+-------------------------------------------
     0 | D:1      | spiff the Naga Warper began the quest for the Orb.
     0 | D:1      | Reached XP level 1. HP: 19/19 MP: 3/3
    29 | D:1      | Reached skill level 1 in Armour
   308 | D:1      | Reached XP level 2. HP: 26/26 MP: 5/5
  1001 | D:1      | HP: 1/26 [gnoll/spear (5)]
  1002 | D:1      | Slain by a gnoll

Skill      XL: |  1 |
---------------+----+-----
Armour         | 1 |  1.1
Fighting       | |  2.3
Long Blades    | |  2.3
Throwing       | |  0.8
Dodging        | |  1.9
Spellcasting   | |  2.0
Translocations | |  3.0

Action                   || total
-------------------------++-------
Melee: Falchion          ||    52
 Abil: Spit Poison       ||     8
Armor: Leather armour    ||    14
Dodge: Dodged            ||    34
       Rpst.: Falchion   ||     8
